Map: Orbital Shipyard

Players

Schnitzel - Winner!

  • Race: Terran Terran
  • League: Master

마음을비워

  • Race: Protoss Protoss
  • League: Master

VOD

https://www.youtube.com/watch?v=PZPcJMst0Aw

Description

Time

  • Played on: Sept. 20, 2015, 1:58 a.m.
  • Length: 13:51
Show
View Real Time Build Order
Export as new Build Order

Schnitzel Terran - Winner!

Build Orders: Command Center First (CC), MMM Bio 

Get SALT Encoding   

  12  0:01  SCV  
  13  0:13  SCV  
  14  0:18  Supply Depot  
  14  0:25  SCV  
  15  0:40  SCV  
  16  0:52  SCV  
  17  1:02  Command Center  
  17  1:04  SCV  
  18  1:16  SCV  
  18  1:17  Barracks  
  19  1:26  Refinery  
  19  1:29  SCV  
  20  1:37  Barracks  
  20  1:41  SCV  
  21  1:53  SCV  
  22  2:05  Orbital Command  
  22  2:06  Marine  
  23  2:14  Orbital Command  
  23  2:24  Barracks Reactor  
  23  2:28  Barracks  
  23  2:30  Barracks Tech Lab  
  23  2:32  SCV  
  24  2:40  SCV  
  24  2:41  Supply Depot  
  24  2:44  SCV  
  26  2:47  Engineering Bay  
  26  2:50  Marauder  
  28  2:52  SCV  
  28  2:56  SCV  
  30  3:00  Marine x2  
  30  3:04  SCV  
  33  3:05  Stimpack  
  33  3:09  SCV  
  34  3:17  Marauder, Marine  
  37  3:24  SCV  
  36  3:28  Marine  
  36  3:32  SCV  
  37  3:36  SCV  
  37  3:39  Marauder  
  37  3:41  Marine x2  
  40  3:44  SCV  
  40  3:47  Marine  
  42  3:48  SCV  
  42  3:54  Supply Depot  
  43  3:56  SCV  
  43  3:58  Supply Depot, Marine  
  43  4:01  SCV  
  46  4:04  Barracks Tech Lab, Missile Turret  
  46  4:06  Missile Turret  
  46  4:15  SCV, Marine  
  46  4:16  Marauder  
  50  4:18  SCV  
  51  4:25  Refinery  
  51  4:27  SCV, Marauder, Marine  
  51  4:29  Supply Depot  
  51  4:30  SCV  
  56  4:31  Refinery  
  56  4:37  Factory  
  56  4:39  SCV  
  56  4:42  SCV  
  56  4:43  Marine x2  
  60  4:52  SCV, Marine  
  61  4:53  Marauder  
  61  4:54  SCV  
  65  5:04  SCV, Supply Depot  
  65  5:06  SCV  
  65  5:07  Command Center  
  67  5:11  Marine  
  70  5:18  Supply Depot  
  70  5:19  SCV x2  
  70  5:22  Missile Turret  
  70  5:26  Marauder  
  72  5:28  Starport, Missile Turret, Factory Reactor  
  72  5:31  Terran Infantry Weapons Level 1, SCV  
  72  5:33  SCV  
  74  5:38  Marauder, Marine  
  77  5:43  SCV  
  77  5:44  Marine  
  77  5:45  SCV  
  77  5:48  Marauder  
  82  5:50  Refinery  
  82  5:55  SCV  
  82  5:56  Marine  
  84  5:57  SCV  
  84  5:58  Supply Depot  
  84  6:02  Marine  
  86  6:12  Factory Reactor  
  86  6:13  Supply Depot  
  86  6:14  Supply Depot  
  86  6:18  SCV x2, Medivac  
  86  6:19  Orbital Command, Marauder x2  
  86  6:20  Medivac  
  86  6:22  Marine  
  86  6:24  Marine  
  98  6:30  SCV  
  99  6:33  Combat Shields  
  99  6:37  Concussive Shells  
  99  6:39  SCV  
  100  6:40  Marauder  
  100  6:41  Supply Depot  
  100  6:44  Supply Depot, Orbital Command  
  98  6:51  Marauder, Marine  
  95  6:54  SCV  
  95  6:56  Marine  
  95  6:57  Medivac  
  95  7:00  Medivac  
  103  7:01  SCV, Marauder  
  103  7:06  SCV  
  105  7:10  Widow Mine x2, Marine  
  105  7:12  SCV  
  105  7:13  Marauder  
  105  7:15  Refinery  
  111  7:20  Refinery  
  111  7:21  Marine  
  112  7:23  SCV, Marauder  
  112  7:25  Terran Infantry Armor Level 1  
  112  7:29  SCV  
  114  7:30  SCV  
  114  7:34  Marauder  
  114  7:35  SCV  
  118  7:39  Marine  
  118  7:40  Marine  
  118  7:41  SCV, Barracks x2  
  118  7:42  SCV, Medivac  
  118  7:44  Marauder, Medivac  
  128  7:47  SCV  
  128  7:49  Widow Mine x2  
  133  7:53  SCV  
  133  7:54  SCV  
  133  7:55  Marauder  
  133  7:57  Marine  
  138  7:59  SCV  
  138  8:00  Supply Depot  
  138  8:02  Supply Depot  
  138  8:05  SCV  
  140  8:08  Command Center  
  140  8:14  Ghost Academy  
  135  8:29  Marauder x2, Widow Mine x2, Marine x2  
  141  8:34  SCV x2  
  141  8:36  Barracks Tech Lab x2  
  141  8:37  SCV  
  143  8:41  Armory  
  143  8:42  Engineering Bay  
  143  8:44  Supply Depot x2  
  143  8:45  Supply Depot  
  143  8:46  Marine x2  
  145  8:49  Ghost  
  145  8:50  Ghost  
  145  8:54  Medivac  
  145  8:55  Starport, Medivac  
  153  8:56  Ghost x2  
  157  9:05  Widow Mine x2  
  157  9:06  Marine x2  
  163  9:13  Missile Turret  
  163  9:18  Ghost, Marine  
  163  9:24  Ghost, Marine x2  
  168  9:25  Marauder  
  171  9:32  SCV  
  171  9:33  Terran Infantry Weapons Level 2  
  171  9:35  Starport Tech Lab  
  171  9:36  Marine  
  171  9:38  Refinery, Terran Infantry Armor Level 2  
  173  9:40  Refinery, Missile Turret  
  173  9:41  Marine x2  
  173  9:42  SCV  
  173  9:43  SCV  
  173  9:44  SCV  
  178  9:46  Ghost  
  178  9:50  Supply Depot  
  178  9:52  Marauder  
  182  9:53  Planetary Fortress, Marine  
  182  9:54  SCV  
  182  9:59  Liberator x2  
  184  10:03  SCV x2  
  186  10:14  Marauder  
  186  10:16  Command Center  
  186  10:20  Marine  
  186  10:21  Marauder  
  197  10:23  Marauder, Marine  
  198  10:45  Liberator x3  
  186  10:51  Ghost, Marine  
  186  10:52  Marine  
  186  10:53  Ghost  
  183  11:06  Ghost, Marine  
  183  11:09  Marine x2  
  188  11:13  Barracks  
  188  11:14  Barracks  
  188  11:15  Barracks  
  188  11:20  Marauder  
  188  11:22  Marauder  
  188  11:24  Marine  
  175  11:26  Widow Mine  
  175  11:27  Hellion, Liberator, Marine x2  
  174  11:35  Marauder  
  174  11:37  Starport  
  174  11:38  Unknown  
  176  11:42  Marauder x2  
  176  11:43  Marine  
  176  11:45  Viking, Marine x2  
  181  11:56  Marauder  
  177  12:01  Marauder  
  177  12:03  Marauder x2, Marine  
  177  12:06  Viking  
  178  12:09  Starport  
  178  12:14  Planetary Fortress  
  178  12:15  Viking, Marine  
  181  12:18  Marauder  
  181  12:21  Viking  
  185  12:23  Marauder  
  185  12:27  Viking  
  185  12:28  Missile Turret  
  183  12:30  Barracks Tech Lab x3  
  183  12:36  Viking, Refinery  
  185  12:37  Command Center, Refinery  
  185  12:39  Command Center  
  185  12:45  Viking  
  182  13:08  Widow Mine x2, Ghost, Marine x4  
  190  13:24  Marine  
Show
View Real Time Build Order
Export as new Build Order

마음을비워 Protoss 

Build Orders: 1 Gate Expand, Oracle Opening 

Get SALT Encoding   

  12  0:00  Probe (Chrono Boost)  
  13  0:10  Probe (Chrono Boost)  
  14  0:18  Pylon  
  14  0:21  Probe (Chrono Boost)  
  15  0:35  Probe (Chrono Boost)  
  15  0:37  Gateway  
  16  0:44  Assimilator  
  16  0:45  Probe (Chrono Boost)  
  17  0:55  Probe (Chrono Boost)  
  18  1:05  Probe (Chrono Boost)  
  19  1:18  Nexus  
  19  1:28  Cybernetics Core  
  19  1:31  Probe (Chrono Boost)  
  20  1:38  Assimilator  
  20  1:41  Probe (Chrono Boost)  
  20  1:46  Pylon  
  21  1:51  Probe (Chrono Boost)  
  22  2:01  Probe (Chrono Boost)  
  22  2:05  Adept  
  22  2:06  Warp Gate  
  25  2:11  Mothership Core (Chrono Boost)  
  27  2:22  Pylon  
  27  2:29  Probe (Chrono Boost)  
  28  2:34  Probe (Chrono Boost)  
  29  2:39  Probe (Chrono Boost)  
  30  2:44  Probe (Chrono Boost)  
  30  2:46  Stargate  
  30  2:48  Probe (Chrono Boost)  
  32  2:54  Stalker, Probe (Chrono Boost)  
  35  2:58  Probe (Chrono Boost)  
  35  3:04  Probe (Chrono Boost)  
  37  3:11  Probe (Chrono Boost)  
  38  3:14  Probe (Chrono Boost)  
  39  3:21  Probe (Chrono Boost)  
  40  3:28  Probe (Chrono Boost)  
  40  3:31  Probe (Chrono Boost)  
  40  3:33  Oracle (Chrono Boost)  
  42  3:36  Probe (Chrono Boost)  
  44  3:43  Probe  
  44  3:44  Sentry  
  44  3:46  Probe  
  44  3:47  Nexus  
  47  3:50  Pylon  
  47  3:55  Probe (Chrono Boost)  
  49  3:56  Gateway  
  49  3:59  Gateway  
  49  4:01  Probe (Chrono Boost)  
  49  4:06  Probe (Chrono Boost)  
  49  4:08  Assimilator  
  51  4:10  Assimilator  
  51  4:14  Pylon  
  51  4:16  Probe x2 (Chrono Boost)  
  53  4:20  Forge  
  53  4:21  Sentry  
  55  4:26  Probe x2 (Chrono Boost)  
  57  4:32  Pylon  
  57  4:36  Probe x2 (Chrono Boost)  
  56  4:46  Twilight Council  
  56  4:48  Probe (Chrono Boost)  
  56  4:50  Probe (Chrono Boost)  
  56  4:51  Protoss Ground Weapons Level 1 (Chrono Boost)  
  58  4:58  Gateway  
  58  4:59  Probe (Chrono Boost)  
  59  5:00  Probe (Chrono Boost), Gateway  
  59  5:04  Gateway, Probe (Chrono Boost)  
  61  5:07  Adept  
  61  5:08  Adept  
  61  5:09  Probe (Chrono Boost), Blink (Chrono Boost)  
  66  5:17  Adept  
  66  5:18  Probe x2 (Chrono Boost)  
  66  5:20  Pylon  
  70  5:24  Probe  
  71  5:33  Probe  
  71  5:38  Probe, Adept x3  
  71  5:40  Probe  
  71  5:42  Assimilator  
  80  5:46  Gateway  
  80  5:48  Gateway  
  80  5:49  Probe  
  80  5:52  Pylon x2  
  80  5:54  Probe  
  83  5:57  Probe  
  83  6:01  Stalker x2  
  83  6:02  Stalker  
  89  6:08  Templar Archives  
  89  6:09  Probe  
  89  6:10  Pylon  
  90  6:12  Assimilator  
  90  6:16  Probe  
  90  6:20  Probe  
  90  6:21  Probe  
  93  6:27  Stalker x3  
  93  6:28  Protoss Ground Armor Level 1 (Chrono Boost)  
  93  6:29  Pylon  
  99  6:33  Probe  
  99  6:36  Probe, Adept x3  
  107  6:42  Psionic Storm  
  107  6:45  Probe  
  108  6:52  Stalker x3, Charge (Chrono Boost)  
  108  6:53  Stalker  
  116  6:57  Probe x2  
  116  6:59  Probe  
  119  7:05  Pylon  
  119  7:19  High Templar  
  119  7:20  High Templar  
  119  7:21  Probe  
  124  7:24  Photon Cannon, High Templar  
  124  7:25  Photon Cannon  
  124  7:27  Pylon  
  124  7:29  Pylon  
  126  7:30  Probe x2  
  126  7:33  Zealot x3  
  126  7:34  Zealot  
  126  7:35  Robotics Facility  
  136  7:43  Probe  
  137  7:45  Pylon  
  137  7:46  Zealot  
  137  7:49  Nexus  
  137  7:51  Probe x2  
  140  7:52  Pylon  
  140  7:54  Zealot x3  
  140  7:55  Zealot  
  140  7:56  Zealot  
  151  8:00  High Templar x2  
  151  8:03  Probe (Chrono Boost)  
  146  8:27  Protoss Ground Weapons Level 2, Archon  
  138  8:36  High Templar x2  
  138  8:37  Observer (Chrono Boost)  
  143  8:43  Zealot x4  
  143  8:44  Zealot x2  
  143  8:45  Robotics Bay  
  143  8:47  Gateway  
  155  8:48  Photon Cannon  
  155  8:51  Photon Cannon  
  155  8:52  Probe, Gateway  
  155  8:53  Photon Cannon  
  156  8:55  Assimilator  
  156  8:58  Observer (Chrono Boost)  
  156  9:00  Assimilator  
  156  9:02  Pylon  
  157  9:05  Probe  
  158  9:12  Pylon  
  158  9:17  Warp Prism (Chrono Boost)  
  160  9:27  Robotics Facility  
  160  9:31  Extended Thermal Lance  
  160  9:46  Colossus (Chrono Boost), Probe  
  160  9:49  Photon Cannon  
  167  9:58  Probe  
  167  9:59  Dark Shrine  
  168  10:01  Pylon  
  166  10:18  Protoss Ground Armor Level 2  
  166  10:20  Colossus (Chrono Boost)  
  172  10:29  Colossus (Chrono Boost)  
  172  10:31  Photon Cannon  
  172  10:35  Forge  
  176  10:48  Zealot x2  
  176  10:49  Zealot x6  
  192  10:50  Zealot  
  163  11:04  Colossus (Chrono Boost)  
  163  11:06  Stalker  
  169  11:12  Colossus (Chrono Boost)  
  169  11:14  Assimilator  
  172  11:19  Assimilator  
  172  11:25  Stalker x2, Zealot x2  
  146  11:26  Stalker x2, Zealot  
  146  11:27  Zealot  
  139  11:38  Probe  
  138  11:40  Probe x2  
  138  11:42  Stargate  
  138  11:46  Stalker x2, Zealot  
  138  11:47  Zealot x2  
  148  11:50  Observer (Chrono Boost)  
  149  11:54  Stalker x2  
  149  11:55  Stalker, Zealot x2  
  139  12:09  Stargate  
  139  12:11  Assimilator  
  139  12:14  High Templar  
  139  12:15  High Templar x2  
  143  12:16  Zealot x4  
  143  12:18  Immortal x2 (Chrono Boost)  
  143  12:21  Probe  
  162  12:33  Nexus  
  162  12:34  Fleet Beacon  
  162  12:35  Pylon  
  162  12:36  Dark Templar  
  164  12:38  Sentry  
  164  12:39  Dark Templar  
  164  12:41  Zealot x4  
  174  12:58  Zealot x2, High Templar  
  173  13:14  Stalker, Zealot x2  
  173  13:15  Zealot x3  
  173  13:16  Dark Templar  
  184  13:21  Nexus  
  184  13:25  Archon  
  155  13:36  Stalker x7  
  155  13:37  Stalker  
Tags
 
Add a new tag
Caveats
  • Supply blocks, unpowered buildings, or Contaminate may cause inaccurate times.
  • Supply counts are checked every 10 seconds.